 Dungeon Crawl Stone Soup version 0.20.0-15-g7f486f2 (webtiles) character file.

45672 dobroeutro the Severer (level 14, -20/129 HPs)
             Began as a Minotaur Berserker on June 27, 2017.
             Was the Champion of Trog.
             Demolished by a white ugly thing (25 damage)
             ... in an ice cave on June 29, 2017.
             The game lasted 00:28:48 (13833 turns).

dobroeutro the Severer (Minotaur Berserker)        Turns: 13833, Time: 00:28:48

Health: -20/129    AC: 12    Str: 20    XL:     14   Next: 2%
Magic:  23/23      EV: 22    Int:  9    God:    Trog [******]
Gold:   726        SH: 13    Dex: 22    Spells: 13/13 levels left

rFire    + + +     SeeInvis +   R - +5 war axe (chop)
rCold    . . .     Gourm    .   H - +1 shield (curse)
rNeg     + . .     Faith    .   V - +1 leather armour of Agnosticism {rF+++ Str-5 Dex+4 SInv}
rPois    .         Spirit   .   O - +3 hat of Pondering {ponderous, MR+ MP+10 Int+5}
rElec    .         Reflect  .   L - scarf {repulsion}
rCorr    .         Harm     .   X - +0 pair of gloves
MR       +++..                  (no boots)
Stlth    ++........             Y - amulet of regeneration
Regen    0.8/turn               q - +6 ring of dexterity
MPRegen  0.2/turn               Q - ring "Lyipeoxt" {rN+ MR+ SInv}

@: berserk cooldown, slowed, repel missiles, very slow
A: retaliatory headbutt, horns 2, icy blue scales 1
a: Berserk, Trog's Hand, Brothers in Arms, Burn Spellbooks, Renounce Religion


You were in an ice cave.
You worshipped Trog.
Trog was exalted by your worship.
You were very hungry.

You visited 2 branches of the dungeon, and saw 18 of its levels.
You visited 1 bazaar.
You also visited: Sewer and Ice Cave.

You collected 1026 gold pieces.
You spent 300 gold pieces at shops.

Inventory:

Hand Weapons
 j - a +5 broad axe of freezing
 R - a +5 war axe of chopping (weapon)
 T - a +1 hand axe of flaming
Armour
 w - a +1 leather armour of cold resistance
 H - a cursed +1 shield (worn)
 L - a scarf of repulsion (worn)
 O - the +3 hat of Pondering (worn) {ponderous, MR+ MP+10 Int+5}
   (You took it off Gastronok on level 8 of the Dungeon)

   It affects your intelligence (+5).
   It affects your resistance to hostile enchantments.
   It affects your magic capacity (+10).
 V - the +1 leather armour of Agnosticism (worn) {rF+++ Str-5 Dex+4 SInv}
   (You found it on level 9 of the Dungeon)

   It affects your strength (-5).
   It affects your dexterity (+4).
   It renders you almost immune to fire.
   It lets you see invisible.
 X - a +0 pair of gloves (worn)
Jewellery
 o - an uncursed ring of ice
 q - a +6 ring of dexterity (left hand)
 t - an uncursed ring of fire
 C - an uncursed ring of positive energy
 E - an uncursed amulet of guardian spirit
 Q - the ring "Lyipeoxt" (right hand) {rN+ MR+ SInv}
   (You found it on level 8 of the Dungeon)

   [ring of see invisible]

   It protects you from negative energy.
   It affects your resistance to hostile enchantments.
   It lets you see invisible.
 Y - an amulet of regeneration (around neck)
Wands
 b - a wand of random effects (28/48)
 e - a wand of iceblast (10/15)
 r - a wand of iceblast (5/15)
 G - a wand of random effects (15/48)
 Z - a wand of paralysis (16/24)
Scrolls
 a - 2 scrolls of fog
 d - 7 scrolls of magic mapping
 h - 4 scrolls of remove curse
 m - 4 scrolls of teleportation
 s - 4 scrolls of enchant weapon
 u - 2 scrolls of fear
 y - 3 scrolls of recharging
 J - 3 scrolls of identify
 M - 2 scrolls of enchant armour
Potions
 f - a potion of cancellation
 g - 2 potions of degeneration
 i - 2 potions of invisibility
 k - 2 potions of resistance
 l - a potion of berserk rage
 n - 4 potions of agility {unknown}
 p - 9 potions of curing
 v - 2 potions of haste
 x - 2 potions of brilliance
 z - 7 potions of heal wounds
 A - 3 potions of might
 D - a potion of ambrosia {unknown}
 I - 2 potions of magic {unknown}
 K - a potion of mutation {unknown}
 N - 3 potions of lignification {unknown}
Comestibles
 c - 3 bread rations
 B - 5 meat rations
 F - 26 fruits
 P - 3 chunks of flesh
 U - 9 royal jellies


   Skills:
 + Level 13.1 Fighting
 + Level 16.1 Axes
 + Level 12.9 Armour
 + Level 12.0 Dodging
 + Level 9.5 Shields


You had 13 spell levels left.
You didn't know any spells.

Dungeon Overview and Level Annotations

Branches:
Dungeon (13/15)            Temple (0/1) D:7            Lair (5/6) D:10
 Shoals (0/4) Lair:2        Snake (0/4) Lair:4        Slime (0/5) Lair:5
    Orc (0/2) D:9
 Vaults: D:13-14

Altars:
Ashenzari
Elyvilon
Gozag
Kikubaaqudgha
Xom
Yredelemnul

Shops:
D:7 (   D:10 }(*

Annotations:
D:6 1 runed door IceCv exclusion: 2 ice statues


Innate Abilities, Weirdness & Mutations

You reflexively headbutt those who attack you in melee.
You have a pair of horns on your head.
You are partially covered in icy blue scales. (AC +2)


Message History

The freezing blast engulfs you!
* * * LOW HITPOINT WARNING * * *
You block the ice beast's attack.
The white ugly thing is engulfed in freezing vapours.
The white ugly thing misses you. You block the ice beast's attack.
The ice statue gestures at you. The bolt of cold hits you!
* * * LOW HITPOINT WARNING * * *
You feel much better.
You are engulfed in freezing vapours.
* * * LOW HITPOINT WARNING * * *
The ice beast completely misses you.
The white ugly thing is engulfed in freezing vapours.
The white ugly thing tail-slaps you but does no damage.
You block the ice beast's attack.
The ice statue gestures.
The white ugly thing is engulfed in freezing vapours.
The white ugly thing tail-slaps you!
* * * LOW HITPOINT WARNING * * *
The white ugly thing freezes you!!
You die...

####
###...####
##........##
#..Y.......##
#......Y....##
#.8..8.......#
#).(..Y..§...#
#.|.?§u§...∩.#
#[.?.§@§.....#
#.8..8YY.....#
#....§......##
#..........##
##........##
###...####
#####


You could see 2 ice statues, a white ugly thing and 5 ice beasts.

Vanquished Creatures
  Gastronok (D:8)
  The ghost of daftwullie the Thrower, a journeyman OgWr of the Shining One (Lair:1)
  Harold (D:11)
  5 hydras
  4 two-headed ogres
  The ghost of botchamania the Transmogrifier, a novice OpTm of Cheibriados (D:9)
  An unseen horror (D:13)
  The ghost of flestrin the Cleaver, a novice HOBe of Trog (D:6)
  Pikel (D:8)
  2 ugly things
  2 cyclopes
  17 elephants
  3 manticores
  A black mamba (Lair:2)
  A gargoyle (D:10)
  Psyche (D:8)
  9 spiny frogs
  6 komodo dragons
  A tengu conjurer (D:11)
  2 polar bears
  3 trolls
  3 slime creatures (D:13)
  18 blink frogs
  2 dream sheep (D:8)
  6 hippogriffs
  2 water elementals (D:13)
  A shadow (D:12)
  Eustachio (D:5)
  12 yaks
  3 wyverns
  2 basilisks
  4 hungry ghosts
  Edmund (D:5)
  Menkaure (D:5)
  A soldier ant (D:13)
  7 water moccasins
  8 porcupines
  4 slaves (D:8)
  4 orc warriors
  3 sky beasts
  4 ogres
  2 hornet zombies
  The ghost of panicbit the Shield-Bearer, an amateur MiFi (D:3)
  17 ice beasts
  3 wolves (Lair:1)
  A phantom (D:9)
  9 centaurs
  6 crocodiles
  4 big kobolds
  20 bullfrogs
  Blork the orc (D:6)
  A wyvern skeleton (D:13)
  3 wyvern zombies
  5 scorpions
  9 killer bees
  3 electric eels (D:13)
  3 howler monkeys
  2 centaur zombies
  A bullfrog zombie (D:11)
  5 crimson imps
  A gnoll shaman (D:10)
  8 hounds
  10 orc priests
  A centaur skeleton (D:6)
  8 jellies
  2 bullfrog skeletons
  6 iguanas
  10 worker ants
  9 orc wizards
  A hound zombie (D:9)
  A hound skeleton (D:5)
  A worker ant zombie (D:5)
  17 adders
  8 gnolls
  4 river rats (Sewer)
  5 shadow imps
  2 oozes
  3 worms
  2 dart slugs (D:1)
  4 leopard geckos
  35 orcs
  7 bats
  7 giant cockroaches
  6 goblins
  9 hobgoblins
  17 jackals
  13 kobolds
  3 quokkas
  15 ball pythons
  5 frilled lizards
  A leopard gecko skeleton (D:7)
  30 rats
  2 plants
500 creatures vanquished.

Vanquished Creatures (others)
  A fungus (Lair:4)
  A plant (D:8)
2 creatures vanquished.

Grand Total: 502 creatures vanquished

Notes
Turn   | Place    | Note
-------+----------+-------------------------------------------
     0 | D:1      | dobroeutro the Minotaur Berserker began the quest for the Orb.
     0 | D:1      | Reached XP level 1. HP: 19/19 MP: 0/0
    47 | D:1      | Reached skill level 4 in Axes
    70 | D:1      | Reached XP level 2. HP: 14/26 MP: 1/1
   281 | D:1      | Reached ** piety under Trog
   281 | D:1      | Reached skill level 5 in Axes
   308 | D:1      | Reached XP level 3. HP: 15/31 MP: 2/2
   636 | D:2      | Found a basalt altar of Yredelemnul.
  1335 | D:3      | Reached skill level 6 in Axes
  1335 | D:3      | Reached XP level 4. HP: 33/39 MP: 3/3
  1643 | D:3      | Noticed panicbit's ghost (amateur MiFi)
  1807 | D:3      | Found an ancient bone altar of Kikubaaqudgha.
  1862 | D:3      | Reached *** piety under Trog
  1992 | D:3      | Killed panicbit's ghost
  1992 | D:3      | Reached skill level 7 in Axes
  1992 | D:3      | Reached XP level 5. HP: 45/45 MP: 4/4
  2049 | D:4      | Reached skill level 8 in Axes
  2051 | D:4      | Reached XP level 6. HP: 51/51 MP: 5/5
  2145 | D:4      | Found a glowing drain.
  2167 | Sewer    | Entered a sewer
  2453 | Sewer    | Reached skill level 9 in Axes
  2456 | Sewer    | Reached **** piety under Trog
  2564 | Sewer    | Reached XP level 7. HP: 57/57 MP: 6/6
  2565 | Sewer    | Reached skill level 10 in Axes
  3259 | D:5      | Entered Level 5 of the Dungeon
  3266 | D:5      | Noticed Menkaure
  3287 | D:5      | Killed Menkaure
  3315 | D:5      | Reached skill level 11 in Axes
  3552 | D:5      | Noticed Edmund
  3562 | D:5      | Killed Edmund
  3562 | D:5      | Reached XP level 8. HP: 66/66 MP: 4/7
  3907 | D:5      | Reached ***** piety under Trog
  4037 | D:5      | Noticed Eustachio
  4055 | D:5      | Killed Eustachio
  4359 | D:6      | Found a white marble altar of Elyvilon.
  4359 | D:6      | Found a runed door.
  4359 | D:6      | Noticed an angel
  4393 | D:6      | Reached skill level 5 in Fighting
  4395 | D:6      | Noticed flestrin's ghost (novice HOBe)
  4405 | D:6      | Killed flestrin's ghost
  4405 | D:6      | Reached skill level 5 in Armour
  4503 | D:6      | Reached XP level 9. HP: 72/75 MP: 6/8
  4556 | D:6      | Reached skill level 5 in Dodging
  4561 | D:6      | Noticed Blork the orc
  4566 | D:6      | Killed Blork the orc
  4589 | D:6      | Reached skill level 12 in Axes
  5105 | D:7      | Gained mutation: You are partially covered in icy blue scales. (AC +2) [mutagenic meat]
  5389 | D:7      | Found Ethe's Antique Weapon Emporium.
  5417 | D:7      | Found a staircase to the Ecumenical Temple.
  5762 | D:7      | Reached XP level 10. HP: 71/86 MP: 7/9
  5948 | D:8      | Noticed Gastronok
  5964 | D:8      | Killed Gastronok
  5964 | D:8      | Reached skill level 13 in Axes
  6077 | D:8      | Noticed Psyche
  6086 | D:8      | Killed Psyche
  6128 | D:8      | Found a basalt altar of Yredelemnul.
  6129 | D:8      | Found a shimmering altar of Xom.
  6217 | D:8      | Got an ancient marble ring
  6259 | D:8      | Received a gift from Trog
  6427 | D:8      | Noticed Pikel
  6437 | D:8      | Killed Pikel
  6693 | D:8      | Noticed a three-headed hydra
  6707 | D:8      | Killed a six-headed hydra
  6707 | D:8      | Reached XP level 11. HP: 97/97 MP: 10/10
  6872 | D:9      | Found a staircase to the Orcish Mines.
  6897 | D:9      | Got a pearl-studded leather armour
  6908 | D:9      | Identified the +1 leather armour of Agnosticism {rF+++ Str-5 Dex+4 SInv} (You found it on level 9 of the Dungeon)
  6909 | D:9      | Identified the ring "Lyipeoxt" {rN+ MR+ SInv} (You found it on level 8 of the Dungeon)
  6969 | D:9      | Found a shattered altar of Ashenzari.
  6973 | D:9      | Saw a vision of the Shoals and the Snake Pit.
  6973 | D:9      | Noticed a naga warrior
  6973 | D:9      | Noticed an anaconda
  6973 | D:9      | Noticed a naga ritualist
  6973 | D:9      | Noticed a naga sharpshooter
  6975 | D:9      | Noticed a sea snake
  7062 | D:9      | Noticed a two-headed ogre
  7070 | D:9      | Killed a two-headed ogre
  7070 | D:9      | Reached skill level 14 in Axes
  7140 | D:9      | Noticed botchamania's ghost (novice OpTm)
  7152 | D:9      | Killed botchamania's ghost
  7152 | D:9      | Reached skill level 10 in Fighting
  7152 | D:9      | Reached skill level 1 in Shields
  7273 | D:10     | Entered Level 10 of the Dungeon
  7285 | D:10     | Found Sykhlousm's Gadget Shoppe.
  7344 | D:10     | Found Pilyad Muq's Weapon Emporium.
  7667 | D:10     | Found a staircase to the Lair.
  7889 | D:10     | Found Qeyd's General Store.
  7957 | D:11     | Found a flickering gateway to a bazaar.
  7983 | Bazaar   | Entered a bazaar
  8000 | Bazaar   | Found Afaewnat's Magic Scroll Shoppe.
  8000 | Bazaar   | Found Godulura's Magic Scroll Emporium.
  8022 | Bazaar   | Found Nugijong's Jewellery Shoppe.
  8037 | Bazaar   | Found Cachyex's Jewellery Shoppe.
  8113 | Bazaar   | Bought an uncursed amulet of regeneration for 300 gold pieces
  8151 | D:11     | Noticed Harold
  8159 | D:11     | Reached ****** piety under Trog
  8171 | D:11     | Killed Harold
  8171 | D:11     | Reached skill level 10 in Armour
  8185 | D:11     | Found an opulent altar of Gozag.
  8353 | D:11     | Noticed a two-headed ogre
  8368 | D:11     | Killed a two-headed ogre
  8532 | D:11     | Identified a scroll of acquirement
  8659 | D:11     | Reached XP level 12. HP: 108/108 MP: 11/11
  8771 | D:11     | Received a gift from Trog
  9232 | D:12     | Reached skill level 5 in Shields
  9284 | D:12     | Noticed an eight-headed hydra
  9296 | D:12     | Killed a three-headed hydra
  9590 | D:12     | Got an encrusted war axe
  9591 | D:12     | Identified the cursed +2 war axe "Zivvel" {chaos, rF++ rC+ Str+2 Stlth-} (You found it on level 12 of the Dungeon)
  9630 | D:13     | Noticed a two-headed ogre
  9643 | D:13     | Killed a two-headed ogre
  9643 | D:13     | Reached skill level 10 in Dodging
  9913 | D:13     | Reached skill level 15 in Axes
 10021 | D:13     | Noticed a two-headed ogre
 10028 | D:13     | Killed a two-headed ogre
 10773 | Lair:1   | Entered Level 1 of the Lair of Beasts
 10904 | Lair:1   | Noticed an eight-headed hydra
 10913 | Lair:1   | Killed a five-headed hydra
 10956 | Lair:1   | Noticed daftwullie's ghost (journeyman OgWr)
 10981 | Lair:1   | Killed daftwullie's ghost
 11399 | Lair:1   | Reached XP level 13. HP: 118/118 MP: 12/12
 11557 | Lair:2   | Found a staircase to the Shoals.
 12114 | Lair:3   | Received a gift from Trog
 12997 | Lair:4   | Found a staircase to the Snake Pit.
 13209 | Lair:4   | Reached skill level 16 in Axes
 13769 | Lair:5   | Found a frozen archway.
 13799 | IceCv    | Entered an ice cave
 13803 | IceCv    | Received a gift from Trog
 13807 | IceCv    | Reached XP level 14. HP: 129/129 MP: 13/13
 13810 | IceCv    | Found a transporter.
 13833 | IceCv    | HP: 5/129 [white ugly thing (7)]
 13833 | IceCv    | Demolished by a white ugly thing

Skill      XL: |  1  2  3  4  5  6  7  8  9 10 11 12 13 |
---------------+----------------------------------------+-----
Axes           | 4 5 6 7 8 9 11 12 13 14 15 16 | 16.1
Fighting       | 5 7 9 10 12 13 | 13.1
Armour         | 5 7 9 10 11 12 | 12.9
Dodging        | 4 6 8 9 10 12 | 12.0
Shields        | 4 7 9 |  9.5

Action                   |  1- 3 |  4- 6 |  7- 9 | 10-12 | 13-15 || total
-------------------------+-------+-------+-------+-------+-------++-------
Melee: Hand axe          |    96 |       |       |    16 |    18 ||   130
       Headbutt          |    18 |    16 |    55 |   142 |    93 ||   324
       Battleaxe         |     3 |   108 |   249 |    42 |       ||   402
       War axe           |       |       |       |   287 |   214 ||   501
       Broad axe         |       |       |       |   138 |    48 ||   186
Invok: Berserk           |       |     4 |     7 |     4 |     2 ||    17
       Burn Spellbooks   |       |       |       |     3 |     1 ||     4
  Use: Scroll            |       |     4 |     1 |    18 |     5 ||    28
       Potion            |       |       |     1 |       |     2 ||     3
 Stab: Sleeping          |       |     1 |     2 |     4 |     4 ||    11
  Eat: Chunk             |     1 |     7 |    18 |    17 |    10 ||    53
       Bread ration      |       |       |     2 |     2 |       ||     4
Armor: Animal skin       |    29 |     2 |       |       |       ||    31
       Leather armour    |       |    35 |    47 |    90 |    57 ||   229
Dodge: Dodged            |    72 |    56 |   147 |   289 |   183 ||   747
       Deflected         |       |       |     2 |     6 |     1 ||     9
Block: Shield            |       |       |       |   160 |   180 ||   340
